 Dungeon Crawl Stone Soup version 0.19-a0-1908-g43c011f (webtiles) character file.

179 Naow the Skirmisher (level 5, -1/42 HPs)
             Began as a Demonspawn Chaos Knight on Oct 22, 2016.
             Slain by an ice beast (11 damage)
             ... on level 3 of the Dungeon.
             The game lasted 00:07:25 (2798 turns).

Naow the Skirmisher (Demonspawn Chaos Knight)       Turns: 2798, Time: 00:07:27

Health: -1/42      AC:  5    Str: 12 (13) XL:     5   Next: 32%
Magic:  0/5        EV: 12    Int: 13 (14) God:    Xom [......]
Gold:   103        SH:  0    Dex: 12 (14) Spells: 0 memorised, 4 levels left

rFire  . . .     SeeInvis .     a - +0 mace (chaos)
rCold  . . .     Gourm    .     b - +2 leather armour
rNeg   . . .     Faith    .     (no shield)
rPois  .         Spirit   +     (helmet restricted)
rElec  .         Reflect  .     (no cloak)
rCorr  .         Harm     .     (no gloves)
MR     .....                    (no boots)
Stlth  ++........               (no amulet)
                                (no ring)
                                o - ring of wizardry

@: no status effects
A: antennae 1, thin skeletal structure 1, magic shield
a: Renounce Religion


You were on level 3 of the Dungeon.
You worshipped Xom.
You were a very special plaything of Xom.
You were not hungry.

You visited 1 branch of the dungeon, and saw 3 of its levels.

You collected 103 gold pieces.

Inventory:

Hand Weapons
 a - a +0 mace of chaos (weapon)
 p - a +0 blowgun
Missiles
 n - 5 poisoned needles
Armour
 b - a +2 leather armour (worn)
Jewellery
 o - a ring of wizardry (left hand)
Scrolls
 e - 2 scrolls of fear {unknown}
 i - 3 scrolls of identify {unknown}
 j - a scroll of remove curse {unknown}
 m - a scroll of random uselessness {unknown}
Potions
 g - 2 potions of brilliance {unknown}
 h - a potion of invisibility
Miscellaneous
 d - a fan of gales
Comestibles
 c - 7 bread rations
 f - a slice of pizza
 k - 5 chunks of flesh
 l - 2 meat rations


   Skills:
 + Level 4.0 Fighting
 * Level 3.9 Maces & Flails
 + Level 2.8 Armour
 + Level 1.8 Dodging


You had 4 spell levels left.
You didn't know any spells.

Dungeon Overview and Level Annotations

Branches:
Dungeon (3/15)

Altars:
Gozag

Annotations:
D:3 Kaname's ghost, amateur HEWn


Innate Abilities, Weirdness & Mutations

You have a somewhat thin skeletal structure. (Dex +2, Stealth)
When hurt, damage is shared between your health and your magic reserves.
You have a pair of small antennae on your head.


Message History

The ice beast hits you. The ice beast freezes you!
* * * LOW HITPOINT WARNING * * *
You hit the ice beast but do no damage.
Sparks of electricity dance between the ice beast's front feet.
The ice beast is lightly wounded.
The ice beast hits you but does no damage.
You hit the ice beast.
The ice beast is moderately wounded.
The ice beast closely misses you.
You hit the ice beast but do no damage.
The ice beast is moderately wounded.
The ice beast barely misses you.
The ice beast hits you but does no damage.
You hit the ice beast.
The ice beast is poisoned.
The ice beast is heavily wounded.
The ice beast hits you.
* * * LOW HITPOINT WARNING * * *
The ice beast freezes you!
You die...
Xom chortles!

#..# ##............. #..#
####.##(......... #..#
#.........#)(.(.. #÷.#
###..........(#....
###.#####....>..()......#..
#...###..........<.(.####..
#..#....#............# #..
#..#.##..........(..## ###
##..#.#..#.@Y(.....).#
###.......####....(...##
#.....##..............#
#.#...#....#######..#.#
##...#...)### ##...#
###.........#
#####..########
........###.####
#..........##.#
...............#
#.............#
.....÷)....[...#
#...........###


You could see an ice beast.

Vanquished Creatures
  A centaur skeleton (D:3)
  5 gnolls
  3 adders
  A dart slug (D:1)
  2 leopard geckos
  3 orcs (D:3)
  3 ball pythons
  3 giant cockroaches
  5 hobgoblins
  2 jackals (D:3)
  8 kobolds
  2 quokkas
  11 bats
  6 frilled lizards
  7 goblins
  10 rats
72 creatures vanquished.

Notes
Turn   | Place    | Note
-------+----------+-------------------------------------------
     0 | D:1      | Naow the Demonspawn Chaos Knight began the quest for the Orb.
     0 | D:1      | Reached XP level 1. HP: 18/18 MP: 1/1
   164 | D:1      | XOM: potion effect (haste)
   169 | D:1      | Gained mutation: When hurt, damage is shared between your health and your magic reserves. [demonic ancestry]
   169 | D:1      | Reached XP level 2. HP: 21/24 MP: 2/2
   319 | D:1      | XOM: smoke on damage
   370 | D:1      | Reached skill level 1 in Dodging
   387 | D:1      | XOM: divination: magic mapping
   391 | D:1      | XOM: divination: magic mapping
   480 | D:1      | XOM: harmless Fire miscast
   711 | D:2      | XOM: noise
   757 | D:2      | Reached XP level 3. HP: 29/29 MP: 3/3
   836 | D:2      | XOM: smoke on damage
   848 | D:2      | Found an opulent altar of Gozag.
   908 | D:2      | XOM: noise
  1051 | D:2      | Gained mutation: You have a somewhat thin skeletal structure. (Dex +2, Stealth) [demonic ancestry]
  1051 | D:2      | Reached XP level 4. HP: 32/36 MP: 2/4
  1367 | D:3      | Noticed Kaname's ghost (amateur HEWn)
  1383 | D:3      | XOM: potion effect (invisibility)
  1388 | D:3      | XOM: potion effect (agility)
  1390 | D:3      | XOM: summons friendly quasit
  1426 | D:2      | XOM: god gift: pearl ring {god gift}
  1485 | D:2      | XOM: give mutation
  1485 | D:2      | Gained mutation: You have a pair of small antennae on your head. [Xom's grace]
  1719 | D:2      | XOM: god gift: fan of gales
  1973 | D:3      | XOM: polymorph gnoll -> kobold
  1974 | D:3      | XOM: summons friendly ufetubus
  1976 | D:3      | XOM: polymorph kobold -> rat
  2006 | D:2      | XOM: snakes to sticks
  2161 | D:3      | Reached XP level 5. HP: 35/42 MP: 3/5
  2194 | D:3      | XOM: swap monsters
  2210 | D:3      | XOM: torment (12/42 hp)
  2211 | D:3      | XOM: 4-stop teleportation journey
  2212 | D:3      | XOM: scenery: 1 doors close
  2218 | D:3      | XOM: noise
  2625 | D:3      | Reached skill level 4 in Fighting
  2738 | D:3      | Noticed an ice beast
  2765 | D:3      | XOM: enchant monster (bad)
  2793 | D:3      | XOM: swap monsters
  2798 | D:3      | Slain by an ice beast

Vault maps used:
D:1:      lightli_arrival_isolated_outpost, minmay_quantized
D:2:      grunt_gozag_breadcrumbs
D:3:      okawaru_altar_gauntlet_db, first_bread

Skill      XL: |  1  2  3  4  5 |
---------------+----------------+-----
Maces & Flails | 3 |  3.9
Armour         | 2 |  2.8
Dodging        | 1 |  1.8
Fighting       | 4 |  4.0

Action                   |  1- 3 |  4- 6 || total
-------------------------+-------+-------++-------
Melee: Mace              |   125 |   124 ||   249
  Use: Potion            |       |     5 ||     5
 Stab: Invisible         |       |     1 ||     1
       Paralysed         |       |     3 ||     3
       Petrified         |       |     2 ||     2
  Eat: Chunk             |     1 |     6 ||     7
Armor: Leather armour    |    68 |    46 ||   114
Dodge: Dodged            |    90 |   130 ||   220
